 Dungeon Crawl Stone Soup version 0.17-a0-1927-g319369b (webtiles) character file.

26 Ordine the Digger (level 3, 0/19 HPs)
             Began as a Gargoyle Earth Elementalist on Sept 29, 2015.
             Slain by a gnoll
             ... wielding a +0 flail
              (3 damage)
             ... on level 2 of the Dungeon.
             The game lasted 00:03:59 (1155 turns).

Ordine the Digger (Gargoyle Earth Elementalist)     Turns: 1155, Time: 00:03:59

Health: 0/19       AC:  5    Str: 11    XL:     3   Next: 8%
Magic:  0/7        EV: 12    Int: 21    God:
Gold:   74         SH:  0    Dex: 10    Spells: 2 memorised, 4 levels left

rFire  . . .     SeeInvis .     g - -2 mace (curse)
rCold  . . .     Clarity  .     b - +0 robe
rNeg   + . .     SustAt   .     (no shield)
rPois  ∞         Gourm    .     (no helmet)
rElec  +         Spirit   .     (no cloak)
rCorr  .         Warding  .     (no gloves)
rMut   .         Stasis   .     (no boots)
MR     .....                    (no amulet)
Stlth  ++........               (no ring)
                                (no ring)

@: brilliant, not resistant to hostile enchantments, unstealthy
A: negative energy resistance 1, electricity resistance, unbreathing,
petrification resistance, rot immunity, AC +3
a: no special abilities


You were on level 2 of the Dungeon.
You were hungry.

You visited 1 branch of the dungeon, and saw 2 of its levels.

You collected 74 gold pieces.

Inventory:

Hand weapons
 f - a +0 mace
 g - a cursed -2 mace (weapon)
Missiles
 a - 102 stones (quivered)
Armour
 b - a +0 robe (worn)
Scrolls
 i - a scroll of remove curse
 j - a scroll of identify
Potions
 e - a potion of experience
Books
 c - a book of Geomancy

   Spells                             Type                      Level
   a - Sandblast                      Earth                        1
   b - Stoneskin                      Transmutation/Earth          2
   c - Passwall                       Transmutation/Earth          3
   d - Stone Arrow                    Conjuration/Earth            3
   e - Petrify                        Transmutation/Earth          4
   f - Lee's Rapid Deconstruction     Earth                        5
Comestibles
 d - 2 bread rations


   Skills:
 - Level 1.5 Dodging
 - Level 2.1 Stealth
 * Level 2.7 Spellcasting
 - Level 0.7 Transmutations
 + Level 4.3 Earth Magic


You had 4 spell levels left.
You knew the following spells:

 Your Spells              Type           Power        Failure   Level  Hunger
a - Sandblast             Erth           ####..       1%          1    None
b - Stoneskin             Trmt/Erth      ####....     1%          2    ##.....


Dungeon Overview and Level Annotations

Branches:
Dungeon (2/15)

Altars:


Innate Abilities, Weirdness & Mutations

You are resistant to torment.
Your stone body is resilient (AC +3).
You are immune to poison.
You resist negative energy.
You are resistant to electric shocks.
You can survive without breathing.
You are immune to petrification.
You are immune to rotting.


Message History

Confirm with . or Enter, or press ? or * to list all spells.
You don't have enough magic to cast that spell.
The giant cockroach closely misses you. The giant cockroach misses you.
Casting: Sandblast
Confirm with . or Enter, or press ? or * to list all spells.
Aiming: Sandblast
Press: ? - help, Shift-Dir - straight line, f - giant cockroach, p - ooze
Aim: a giant cockroach (heavily wounded, clinging)
The blast of sand hits the giant cockroach.
You kill the giant cockroach!
Casting: Sandblast
Confirm with . or Enter, or press ? or * to list all spells.
Aiming: Sandblast
Press: ? - help, Shift-Dir - straight line, f - gnoll
Aim: a gnoll, wielding a flail The blast of sand hits the gnoll.
The gnoll is almost dead.
The gnoll hits you with a flail.
You die...

#....#
#).###
#..#
######..#
#.......#
#.###..J#
#....g#
#.#.#g#
.....#@#
###.###.#
#. ..# #
#.## #.
#. #. ..


You could see 2 gnolls and an ooze.

Vanquished Creatures
  A gnoll (D:2)
  An ooze (D:1)
  A bat (D:1)
  A giant cockroach (D:2)
  A goblin (D:1)
  2 hobgoblins (D:1)
  A giant newt (D:1)
  2 kobolds (D:1)
  3 rats (D:1)
13 creatures vanquished.

Notes
Turn   | Place    | Note
--------------------------------------------------------------
     0 | D:1      | Ordine the Gargoyle Earth Elementalist began the quest for the Orb.
     0 | D:1      | Reached XP level 1. HP: 10/10 MP: 3/3
   247 | D:1      | Reached skill level 4 in Earth Magic
   247 | D:1      | Reached XP level 2. HP: 6/15 MP: 0/5
   314 | D:1      | Learned a level 2 spell: Stoneskin
  1100 | D:2      | Reached XP level 3. HP: 8/19 MP: 0/7
  1155 | D:2      | Slain by a gnoll

Vault maps used:
D:1:      dpeg_arrival_water_temple_mockup, hangedman_decor_growths

Action                   || total
-------------------------++-------
Melee: Mace              ||    23
 Cast: Sandblast         ||    23
  Use: Scroll            ||     6
       Potion            ||     1
